 Dungeon Crawl Stone Soup version 0.30.1-4-g462c640d31 (webtiles) character file.

Game seed: 18375570774205465070

524 Heoruswealwe the Shooter (level 6, -2/56 HPs)
             Began as a Demigod Hunter on Aug 16, 2023.
             Slain by Menkaure (22 damage)
             ... on level 4 of the Dungeon.
             The game lasted 00:41:54 (5617 turns).

Heoruswealwe the Shooter (Demigod Hunter)           Turns: 5617, Time: 00:41:55

Health: -2/56      AC:  6    Str: 12    XL:     6   Next: 70%
Magic:  8/8        EV: 12    Int: 11    God:
Gold:   0          SH:  0    Dex: 25    Spells: 5/5 levels left

rFire   . . .        a - +0 shortbow
rCold   . . .        (shield currently unavailable)
rNeg    . . .        c - +0 leather armour
rPois   .            g - +0 helmet
rElec   .            (no cloak)
rCorr   .            f - +0 pair of gloves
SInv    .            e - +0 pair of boots
Will    .....        (no amulet)
Stlth   ++           (no ring)
HPRegen 0.29/turn    (no ring)
MPRegen 0.11/turn

%: no passive effects
@: no status effects
A: high MP 1, forlorn, divine attributes
a: no special abilities


You were on level 4 of the Dungeon.
You visited 1 branch of the dungeon, and saw 4 of its levels.

You collected 180 gold pieces.
You spent 180 gold pieces at shops.

Inventory:

Hand Weapons
 a - a +0 shortbow (weapon)
Armour
 c - a +0 leather armour (worn)
 e - a +0 pair of boots (worn)
 f - a +0 pair of gloves (worn)
 g - a +0 helmet (worn)
Wands
 n - a wand of charming (5)
Scrolls
 d - 4 scrolls of identify {unknown}
 h - 3 scrolls of noise {unknown}
 k - a scroll of fog {unknown}
 m - a scroll of poison {unknown}
 q - a scroll of fear {unknown}
Potions
 b - a potion of experience {unknown}
 i - a potion of haste {unknown}
 j - a potion of curing
 l - a potion of flight {unknown}
 o - a potion of magic {unknown}
 r - a potion of lignification
 s - a potion of might


   Skills:
 + Level 5.0 Fighting
 + Level 6.0 Ranged Weapons
 - Level 1.7 Dodging
 - Level 0.8 Stealth


You had 5 spell levels left.
You didn't know any spells.
Your spell library was empty.

Dungeon Overview and Level Annotations

Branches:
Dungeon (4/15)
 Temple: D:4-7

Shops:
D:3 [!(

Annotations:
D:4 Menkaure


Innate Abilities, Weirdness & Mutations

You have an increased reservoir of magic. (+10% MP)
You shall have no god before yourself.
Your divine heritage dramatically boosts your attributes as you level up.


Message History

a +0 dagger; a +0 robe; an orc corpse Menkaure, Prince of Dust comes into view.
Menkaure shouts!
You shoot an arrow. The arrow barely misses Menkaure.
You shoot an arrow. The arrow barely misses Menkaure.
Menkaure mumbles some strange words.
Menkaure seems to speed up.
You shoot an arrow. The arrow barely misses Menkaure.
Menkaure hits you but does no damage.
You shoot an arrow. The arrow hits Menkaure!
Menkaure is heavily damaged.
Menkaure barely misses you.
You shoot an arrow. The arrow hits Menkaure.
Menkaure is heavily damaged.
Menkaure gestures at you while chanting.
Pain shoots through your body!
Menkaure points at you and mumbles some strange words.
Pain shoots through your body!
You shoot an arrow.
The arrow hits Menkaure but does no damage.
Menkaure is heavily damaged.
Menkaure hits you!
You shoot an arrow. The arrow barely misses Menkaure.
Menkaure hits you!
Menkaure calls on the powers of darkness!
Your body is wracked with pain!
* * * LOW HITPOINT WARNING * * *
You are too injured to fight recklessly!
You feel better. Menkaure barely misses you.
You are too injured to fight recklessly!
Fire: a) +0 shortbow
Press: ? - help, Q - select action, (/) - cycle Shift-Dir - straight line, f/p - Menkaure
Aim: Menkaure (heavily damaged, fast, 80% to hit)
You shoot an arrow. The arrow hits Menkaure!
Menkaure is almost destroyed.
Menkaure hits you.
Menkaure points at you and mumbles some strange words.
Pain shoots through your body!
* * * LOW HITPOINT WARNING * * *
You feel better. Menkaure hits you!!
You die...

### ..#### #....#
#....# #....# #M...#
#@# #.########
#.#........#
#.########.# #.# #.#
..# #.# #.# ######.#
#.# #......#
###.###.##############


You could see Menkaure (fast).

Vanquished Creatures
  Duvessa (D:4)
  Dowan (D:4)
  3 orc priests
  4 orc wizards
  4 adders
  4 gnolls (D:2)
  A shadow imp (D:3)
  4 worms
  3 dart slugs
  15 orcs
  2 endoplasms
  A giant cockroach (D:1)
  4 goblins
  5 hobgoblins
  2 quokkas
  6 ball pythons
  8 bats
  5 frilled lizards
  9 kobolds
  4 rats
86 creatures vanquished.

Notes
Turn   | Place    | Note
-------+----------+-------------------------------------------
     0 | D:1      | Heoruswealwe the Demigod Hunter began the quest for the
                  | Orb.
     0 | D:1      | Reached XP level 1. HP: 17/17 MP: 3/3
   148 | D:1      | Reached XP level 2. HP: 24/24 MP: 4/4
   284 | D:1      | Reached skill level 4 in Ranged Weapons
   780 | D:2      | Reached XP level 3. HP: 30/30 MP: 5/5
   846 | D:2      | Reached XP level 4. HP: 17/38 MP: 6/6
  1154 | D:2      | Reached XP level 5. HP: 46/46 MP: 7/7
  1163 | D:2      | Reached skill level 5 in Ranged Weapons
  1323 | D:2      | Identified the +0 dagger of Valour {heavy, Dex+6 Stlth-}
  3351 | D:3      | Found Kap Xuy's Armour Shop.
  3518 | D:3      | Found Siv Essy's Weapon Boutique.
  3551 | D:3      | Found Caody's Distillery.
  3659 | D:3      | Reached XP level 6. HP: 39/53 MP: 8/8
  3678 | D:3      | Bought a potion of heal wounds for 60 gold pieces
  3678 | D:3      | Bought a potion of curing for 36 gold pieces
  4357 | D:3      | Found Kap Xuy's Armour Shop.
  4502 | D:3      | Found Caody's Distillery.
  4795 | D:3      | Found Siv Essy's Weapon Boutique.
  5011 | D:3      | Bought a potion of lignification for 36 gold pieces
  5011 | D:3      | Bought a potion of might for 48 gold pieces
  5129 | D:4      | Noticed Duvessa
  5130 | D:4      | Noticed Dowan
  5164 | D:4      | Killed Duvessa
  5175 | D:4      | Killed Dowan
  5466 | D:4      | Reached skill level 5 in Fighting
  5466 | D:4      | Reached skill level 6 in Ranged Weapons
  5606 | D:4      | Noticed Menkaure
  5617 | D:4      | Slain by Menkaure

Illustrated notes

Levels and vault maps discovered:
D:1:      matt_arrival_grand_opening, layout_basic, chequers_big_river,
          bh_walls_and_bars
D:2:      cheibrodos_pilgrimage, layout_rooms
D:3:      layout_loops_ring, serial_shops, nicolae_shop_waterfront,
          nicolae_shop_rolling_square, nicolae_shop_rolling_square
D:4:      layout_basic, uniq_duvessa, uniq_pikel, uniq_menkaure, uniq_grinder

Skill      XL: |  1  2  3  4  5  6 |
---------------+-------------------+-----
Fighting       | 2 3 4 5 |  5.0
Ranged Weapons | 4 5 6 |  6.0
Dodging        | |  1.7
Stealth        | |  0.8

Action                     |  1- 3 |  4- 6 || total
---------------------------+-------+-------++-------
   Fire: Shortbow          |   102 |   205 ||   307
    Use: Scroll            |     1 |       ||     1
         Potion            |       |     7 ||     7
 Armour: Leather armour    |    12 |    36 ||    48
  Dodge: Dodged            |    18 |    70 ||    88
